 Dungeon Sprint DCSS version 0.19-a0-970-g9a4211b (webtiles) character file.

14735 Groucho the Grappler (level 11, -19/104 HPs)
             Began as a Minotaur Transmuter on July 13, 2016.
             Was the Champion of Cheibriados.
             Demolished by an ettin
             ... wielding a cursed -2 dire flail
              (29 damage)
             ... in the Dungeon (Sprint IX: "|||||||||||||||||||||||||||||").
             The game lasted 00:12:47 (3850 turns).

Groucho the Grappler (Minotaur Transmuter)          Turns: 3850, Time: 00:12:48

Health: -19/104    AC: 21    Str: 32    XL:     11   Next: 92%
Magic:  24/24      EV: 20    Int: 29    God:    Cheibriados [******]
Gold:   823        SH:  0    Dex: 29    Spells: 2 memorised, 24 levels left

rFire  + . .     SeeInvis .       - Unarmed
rCold  + . .     Gourm    .     G - +0 storm dragon armour
rNeg   . . .     Faith    .     (no shield)
rPois  .         Spirit   .     (helmet restricted)
rElec  +         Dismiss  .     F - +1 cloak
rCorr  .         Reflect  .     b - +1 pair of gloves
SustAt .         Harm     .     n - +0 pair of boots
MR     .....     NoTele   +     t - amulet of Twilight {RegenMP rF+ rC+ Slay+3}
Stlth  ..........               r - +3 ring of intelligence
                                q - +3 ring of dexterity

@: very slightly contaminated, very slow, not resistant to hostile enchantments,
extremely unstealthy
A: retaliatory headbutt, horns 2
a: Bend Time, Temporal Distortion, Slouch, Step From Time, Renounce Religion


You were in the Dungeon.
You worshipped Cheibriados.
Cheibriados was exalted by your worship.
You were not hungry.

You visited 1 branch You collected 1903 gold pieces.
You spent 1080 gold pieces at shops.

Inventory:

Missiles
 a - 45 arrows
 z - an exploding tomahawk (quivered)
Armour
 b - a +1 pair of gloves (worn)
 n - a +0 pair of boots (worn)
 F - a +1 cloak (worn)
 G - a +0 storm dragon armour (worn)
Jewellery
 q - a +3 ring of dexterity (left hand)
 r - a +3 ring of intelligence (right hand)
 t - the amulet of Twilight (around neck) {RegenMP rF+ rC+ Slay+3}
   (You found it in the Dungeon)

   [amulet of magic regeneration]

   It increases your magic regeneration.
   It affects your accuracy and damage with ranged weapons and melee attacks
   (+3).
   It protects you from fire.
   It protects you from cold.
Wands
 m - a wand of iceblast (7/15)
Scrolls
 j - a scroll of blinking
 k - 3 scrolls of remove curse
 l - 3 scrolls of amnesia
 s - 2 scrolls of fear
 u - 3 scrolls of identify
 v - 3 scrolls of fog
 w - 2 scrolls of enchant weapon
 x - 4 scrolls of enchant armour
 y - a scroll of recharging
Potions
 d - 2 potions of cure mutation
 e - 6 potions of curing
 f - a potion of invisibility
 g - 4 potions of heal wounds
 h - 4 potions of magic
 i - a potion of berserk rage
 o - a potion of brilliance
 p - a potion of might
 E - 2 potions of mutation {unknown}
Books
 c - a book of Changes

   Spells                             Type                      Level
   a - Beastly Appendage              Transmutation                1
   b - Sticks to Snakes               Transmutation                2
   c - Spider Form                    Transmutation/Poison         3
   d - Ice Form                       Ice/Transmutation            4
   e - Blade Hands                    Transmutation                5
 D - a book of the Dragon

   Spells                             Type                      Level
   a - Flame Tongue                   Conjuration/Fire             1
   b - Cause Fear                     Hexes                        4
   c - Bolt of Fire                   Conjuration/Fire             6
   d - Dragon Form                    Transmutation                7
   e - Dragon's Call                  Summoning                    9
Comestibles
 A - 40 fruits
 B - 11 bread rations
 C - 12 meat rations


   Skills:
 + Level 11.7 Fighting
 + Level 11.3 Armour
 + Level 11.1 Dodging
 * Level 14.9 Unarmed Combat
 * Level 10.2 Spellcasting
 * Level 11.9 Transmutations
 - Level 9.0 Invocations


You had 24 spell levels left.
You knew the following spells:

 Your Spells              Type           Power        Failure   Level  Hunger
a - Beastly Appendage     Tmut           ######       1%          1    None
b - Blade Hands           Tmut           ######....   2%          5    ###....


Dungeon Overview and Level Annotations

Branches:
Dungeon (1/1)

Altars:
Cheibriados
Dithmenos
Elyvilon
Fedhas
Gozag
Hepliaklqana
Kikubaaqudgha
Makhleb
Nemelex Xobeh
Okawaru
Pakellas
Qazlal
Ru
Sif Muna
Trog
Uskayaw
Vehumet
Xom
Yredelemnul
Zin
The Shining One
Beogh
Jiyva
Lugonu

Shops:
D :[%[


Innate Abilities, Weirdness & Mutations

You reflexively headbutt those who attack you in melee.
You have a pair of horns on your head.


Message History

You feel much better. The ettin hits you with a dire flail!!
The ettin hits you with a dire flail!
* * * LOW HITPOINT WARNING * * *
Your storm dragon armour prevents you from hitting the ettin.
You headbutt the ettin!!
The ettin is moderately wounded.
You pummel the ettin!! You headbutt the ettin!
The ettin is almost dead.
The ettin hits you with a dire flail!
* * * LOW HITPOINT WARNING * * *
The ettin completely misses you.
Blink to where?
Press: ? - help, Dir - move target cursor You are very lightly contaminated with residual magic.
As you read the scroll of blinking, it crumbles to dust.
A salamander comes into view.
The ettin hits you with a dire flail!
* * * LOW HITPOINT WARNING * * *
The ettin hits you with a dire flail!!
You die...

▓▓▓▓▓▓▓▓▓▓▓▓▓▓▓▓▓▓▓▓▓▓▓▓▓▓▓▓▓▓▓▓▓
))))..[[[[[[[..!@CQ..N.()))...§.Q
▓▓▓▓▓▓▓▓▓▓▓▓▓▓▓▓▓▓▓▓▓▓▓▓▓▓▓▓▓▓▓▓▓
..........................)......
▓▓▓▓▓▓▓▓▓▓▓▓▓▓▓▓▓▓▓▓▓▓▓▓▓▓▓▓▓▓▓▓▓
...)[...'))))))).....))))).∩.∩)∩)
▓▓▓▓▓▓▓▓▓▓▓▓▓▓▓▓▓▓▓▓▓▓▓▓▓▓▓▓▓▓▓▓▓
.................................
▓▓▓▓▓▓▓▓▓▓▓▓▓▓▓▓▓▓▓▓▓▓▓▓▓▓▓▓▓▓▓▓▓
.÷'÷÷.÷.....'...%.....†...†....(.


You could see a tengu reaver, an ettin and a salamander.

Vanquished Creatures
  An ettin (D)
  A hydra (D)
  A centaur warrior (D)
  A vampire mage (D)
  A wizard (D)
  A hill giant (D)
  8 orc knights (D)
  An ugly thing (D)
  A griffon (D)
  A cyclops (D)
  Joseph (D)
  A gargoyle (D)
  4 spiny frogs (D)
  A komodo dragon (D)
  2 polar bears (D)
  2 blink frogs (D)
  A basilisk (D)
  A yak (D)
  A hungry ghost (D)
  A hippogriff (D)
  A steam dragon (D)
  A water moccasin (D)
  6 black bears (D)
  17 orc warriors (D)
  A centaur (D)
  2 crocodiles (D)
  3 giant frogs (D)
  A scorpion (D)
  A killer bee (D)
  A crimson imp (D)
  A quasit (D)
  A hound (D)
  An orc priest (D)
  An iguana (D)
  8 orc wizards (D)
  A sheep (D)
  An adder (D)
  A river rat (D)
  3 shadow imps (D)
  6 orcs (D)
  A bat (D)
  A bat zombie (D)
  A goblin (D)
  A ball python (D)
  3 giant newts (D)
  A rat (D)
98 creatures vanquished.

Notes
Turn   | Place    | Note
-------+----------+-------------------------------------------
     0 | D        | Groucho the Minotaur Transmuter began the quest for the Orb.
     0 | D        | Reached XP level 1. HP: 16/16 MP: 1/1
   133 | D        | Noticed a scorpion
   133 | D        | Noticed a crimson imp
   144 | D        | Killed a scorpion
   144 | D        | Reached skill level 5 in Unarmed Combat
   144 | D        | Reached XP level 2. HP: 12/25 MP: 1/4
   144 | D        | Reached XP level 3. HP: 14/30 MP: 1/6
   182 | D        | Reached XP level 4. HP: 11/38 MP: 3/7
   708 | D        | Found a glowing silver altar of Zin.
   708 | D        | Found a glowing golden altar of the Shining One.
   708 | D        | Found an ancient bone altar of Kikubaaqudgha.
   708 | D        | Found a basalt altar of Yredelemnul.
   708 | D        | Found a shimmering altar of Xom.
   708 | D        | Found a radiant altar of Vehumet.
   709 | D        | Found an iron altar of Okawaru.
   710 | D        | Found a burning altar of Makhleb.
   711 | D        | Found a deep blue altar of Sif Muna.
   712 | D        | Found a bloodstained altar of Trog.
   713 | D        | Found a sparkling altar of Nemelex Xobeh.
   714 | D        | Found a white marble altar of Elyvilon.
   715 | D        | Found a roughly hewn altar of Beogh.
   716 | D        | Found a viscous altar of Jiyva.
   717 | D        | Found a corrupted altar of Lugonu.
   718 | D        | Found a blossoming altar of Fedhas.
   719 | D        | Found a snail-covered altar of Cheibriados.
   720 | D        | Found a shadowy altar of Dithmenos.
   721 | D        | Found a stormy altar of Qazlal.
   722 | D        | Found an opulent altar of Gozag.
   723 | D        | Found a sacrificial altar of Ru.
   724 | D        | Found an oddly glowing altar of Pakellas.
   725 | D        | Found a hide-covered altar of Uskayaw.
   726 | D        | Found a hazy altar of Hepliaklqana.
   765 | D        | Became a worshipper of Cheibriados the Contemplative
   810 | D        | Reached skill level 1 in Invocations
   813 | D        | Reached * piety under Cheibriados
   813 | D        | Reached skill level 1 in Armour
   813 | D        | Reached skill level 6 in Unarmed Combat
   813 | D        | Reached XP level 5. HP: 41/46 MP: 7/9
   821 | D        | Reached ** piety under Cheibriados
   825 | D        | Reached skill level 5 in Transmutations
  1311 | D        | Noticed a hungry ghost
  1311 | D        | Noticed a gargoyle
  1317 | D        | Reached *** piety under Cheibriados
  1318 | D        | Reached skill level 5 in Dodging
  1322 | D        | Killed a hungry ghost
  1322 | D        | Reached skill level 5 in Fighting
  1322 | D        | Reached skill level 7 in Unarmed Combat
  1322 | D        | Reached XP level 6. HP: 51/56 MP: 11/11
  1335 | D        | Killed a gargoyle
  1335 | D        | Reached **** piety under Cheibriados
  1335 | D        | Reached skill level 8 in Unarmed Combat
  1335 | D        | Reached skill level 5 in Spellcasting
  1335 | D        | Reached XP level 7. HP: 38/63 MP: 11/13
  1338 | D        | Reached skill level 5 in Armour
  1340 | D        | Reached ***** piety under Cheibriados
  1729 | D        | Learned a level 5 spell: Blade Hands
  1826 | D        | Got the amulet of Twilight {RegenMP rF+ rC+ Slay+3}
  1841 | D        | Noticed a komodo dragon
  1841 | D        | Noticed a basilisk
  1841 | D        | Noticed a blink frog
  1841 | D        | Noticed a spiny frog
  1844 | D        | Killed a komodo dragon
  1844 | D        | Reached skill level 9 in Unarmed Combat
  1844 | D        | Reached skill level 5 in Invocations
  1844 | D        | Reached XP level 8. HP: 71/71 MP: 10/15
  1845 | D        | Noticed a spiny frog
  1850 | D        | Killed a blink frog
  1853 | D        | Noticed a blink frog
  1855 | D        | Killed a spiny frog
  1855 | D        | Reached skill level 10 in Unarmed Combat
  1857 | D        | Killed a spiny frog
  1858 | D        | Killed a blink frog
  1858 | D        | Reached ****** piety under Cheibriados
  1858 | D        | Reached XP level 9. HP: 59/81 MP: 13/18
  2166 | D        | Noticed a five-headed hydra
  2166 | D        | Noticed a spiny frog
  2179 | D        | Killed an eight-headed hydra
  2179 | D        | Reached skill level 11 in Unarmed Combat
  2182 | D        | Killed a spiny frog
  2182 | D        | HP: 4/82 [poisoned by a water moccasin]
  2527 | D        | Noticed a spiny frog
  2530 | D        | Killed a spiny frog
  2530 | D        | Reached XP level 10. HP: 91/91 MP: 14/20
  2594 | D        | Reached skill level 12 in Unarmed Combat
  2741 | D        | Noticed an orc knight
  2746 | D        | Killed an orc knight
  2786 | D        | Reached skill level 10 in Transmutations
  3093 | D        | Noticed an orc knight
  3095 | D        | Noticed an orc knight
  3098 | D        | Killed an orc knight
  3098 | D        | Reached skill level 10 in Fighting
  3102 | D        | Noticed an orc knight
  3104 | D        | Killed an orc knight
  3109 | D        | Killed an orc knight
  3109 | D        | Reached skill level 13 in Unarmed Combat
  3507 | D        | Found Afoz's Book Emporium.
  3507 | D        | Noticed an orc knight
  3507 | D        | Noticed an orc knight
  3507 | D        | Noticed an orc knight
  3513 | D        | Killed an orc knight
  3513 | D        | Reached skill level 10 in Dodging
  3513 | D        | Reached XP level 11. HP: 85/101 MP: 12/23
  3514 | D        | Killed an orc knight
  3514 | D        | Reached skill level 10 in Armour
  3516 | D        | Killed an orc knight
  3517 | D        | Found Hagarein's Armour Shoppe.
  3523 | D        | Found Yzefopn's Food Emporium.
  3527 | D        | Found Urchirika's Antique Armour Shoppe.
  3531 | D        | Noticed an orc knight
  3537 | D        | Killed an orc knight
  3588 | D        | Bought a book of the Dragon for 1080 gold pieces
  3637 | D        | Noticed Joseph
  3641 | D        | Killed Joseph
  3791 | D        | Noticed a wizard
  3791 | D        | Noticed a hill giant
  3791 | D        | Noticed a griffon
  3792 | D        | Noticed a cyan ugly thing
  3794 | D        | Reached skill level 14 in Unarmed Combat
  3795 | D        | Noticed a centaur warrior
  3796 | D        | Killed a wizard
  3799 | D        | Noticed a vampire mage
  3799 | D        | Killed a hill giant
  3801 | D        | Noticed an ettin
  3801 | D        | Killed a griffon
  3803 | D        | Killed a cyan ugly thing
  3805 | D        | Killed a centaur warrior
  3805 | D        | Reached skill level 10 in Spellcasting
  3808 | D        | Killed a vampire mage
  3810 | D        | Killed an ettin
  3836 | D        | Noticed an ettin
  3838 | D        | Noticed a tengu reaver
  3850 | D        | Demolished by an ettin

Vault maps used:
D:        linesprint

Skill      XL: |  1  2  3  4  5  6  7  8  9 10 11 |
---------------+----------------------------------+-----
Transmutations | 3 4 5 6 7 8 9 10 11 | 11.9
Fighting       | 2 3 4 5 6 8 9 10 11 | 11.7
Dodging        | 3 4 5 6 7 8 10 11 | 11.1
Unarmed Combat | 5 6 7 8 9 10 11 13 14 | 14.9
Spellcasting   | 2 3 4 5 6 7 9 10 | 10.2
Invocations    | 2 3 4 5 6 7 8 9 |  9.0
Armour         | 1 3 4 5 7 8 9 11 | 11.3

Action                   |  1- 3 |  4- 6 |  7- 9 | 10-12 || total
-------------------------+-------+-------+-------+-------++-------
Melee: Unarmed           |    49 |    47 |    30 |    93 ||   219
       Kick              |     9 |    14 |     2 |       ||    25
       Headbutt          |     1 |    15 |     7 |    23 ||    46
       Punch             |       |     2 |     2 |     2 ||     6
 Cast: Beastly Appendage |     3 |     2 |       |       ||     5
       Blade Hands       |       |       |     5 |     7 ||    12
Invok: Slouch            |       |       |     2 |       ||     2
  Use: Potion            |     2 |       |     2 |     1 ||     5
       Scroll            |       |       |     1 |     1 ||     2
  Eat: Bread ration      |       |     1 |       |     1 ||     2
       Chunk             |       |       |       |     1 ||     1
Armor: Robe              |     7 |     3 |     2 |       ||    12
       Plate armour      |       |       |     1 |    22 ||    23
       Storm dragon armo |       |       |       |    16 ||    16
Dodge: Dodged            |    24 |    33 |    21 |    63 ||   141
